 Dungeon Crawl Stone Soup version 0.14.0-26-g1682e81 (webtiles) character file.

1231 Heini the Cleaver (level 8, -5/71 HPs)
             Began as a Hill Orc Fighter on Apr 28, 2014.
             Slain by a goliath beetle (22 damage)
             ... on Level 6 of the Dungeon.
             The game lasted 00:10:05 (3937 turns).

Heini the Cleaver (Hill Orc Fighter)                Turns: 3937, Time: 00:10:05

HP  -5/71        AC 10     Str 21      XL: 8   Next: 26%
MP   8/8         EV  6     Int  8      God:
Gold 177         SH 18     Dex 10      Spells:  0 memorised,  7 levels left

rFire  . . .     SeeInvis .     a - +1 war axe
rCold  . . .     Clarity  .     b - +0 scale mail
rNeg   . . .     Conserve .     c - +0 shield
rPois  .         rCorr    .     (no helmet)
rElec  .         rRot     .     q - +0 cloak
SustAb + .       Spirit   .     (no gloves)
rMut   .         Warding  .     t - +0 pair of boots
Saprov + . .     Stasis   .     (no amulet)
MR     .....                    (no ring)
                                p - ring of sustain abilities

@: not resistant to hostile enchantments, extremely unstealthy
A: saprovore 1
a: no special abilities


You were on level 6 of the Dungeon.
You were very hungry.

You visited 1 branch of the dungeon, and saw 6 of its levels.

You collected 177 gold pieces.

Inventory:

Hand weapons
 a - a +1,+1 war axe (weapon)
Armour
 b - a +0 scale mail (worn)
 c - a +0 shield (worn)
 q - a +0 cloak (worn)
 t - a +0 pair of boots (worn)
Comestibles
 d - 3 meat rations
 h - 4 bread rations
 k - a pear
 n - a choko
 v - 3 apples
Scrolls
 i - 2 scrolls of remove curse
 j - a scroll of enchant weapon II
 l - 3 scrolls of teleportation
Jewellery
 p - a ring of sustain abilities (left hand)
 w - an uncursed amulet of inaccuracy {unknown}
Potions
 e - a potion of heal wounds {unknown}
 f - 3 potions of curing
 g - a potion of agility {unknown}
 s - 2 potions of flight {unknown}
 u - a potion of brilliance {unknown}
Books
 x - a book of Burglary

   Spells                             Type                      Level
   Apportation                        Translocation                1
   Swiftness                          Charms/Air                   2
   Passwall                           Transmutation/Earth          3
   Passage of Golubria                Translocation                4
   Lee's Rapid Deconstruction         Earth                        5
   Darkness                           Hexes                        7


   Skills:
 * Level 6.6 Fighting
 * Level 8.3 Axes
 * Level 6.9 Armour
 - Level 3.2 Shields


You had 7 spell levels left.
You didn't know any spells.

Dungeon Overview and Level Annotations

Branches:
Dungeon (6/15)
 Temple: D:4-7

Altars:
Makhleb
Nemelex Xobeh
Xom


Innate Abilities, Weirdness & Mutations

You can tolerate rotten meat.


Message History

Your shield and scale mail prevent you from hitting the goliath beetle.
The goliath beetle is moderately wounded.
You hit the goliath beetle but do no damage.
The goliath beetle is moderately wounded.
The goliath beetle barely misses you.
You hit the goliath beetle but do no damage.
The goliath beetle is moderately wounded.
You block the goliath beetle's attack.
You slash the goliath beetle!
The goliath beetle is severely wounded.
You hit the goliath beetle.
The goliath beetle is severely wounded.
The goliath beetle bites you!
* * * LOW HITPOINT WARNING * * *
You hit the goliath beetle.
The goliath beetle is severely wounded.
You hit the goliath beetle but do no damage.
The goliath beetle is severely wounded.
The goliath beetle bites you!
You die...

(.# .....# ......#
.......# ........#
........########
.................
...........:......
........@.........
...>.....B..........
............<........
#.....$...#######...
#.........#
#...:.(...#
#.........#
#.........#
#..?......#


You could see a goliath beetle.

Vanquished Creatures
  Grinder (D:4)
  An ogre (D:3)
  2 sky beasts
  2 scorpions (D:5)
  An orc priest (D:3)
  3 hounds (D:4)
  Crazy Yiuf (D:2)
  A jelly (D:5)
  2 worker ants
  An iguana (D:4)
  Jessica (D:2)
  6 adders
  A scorpion zombie (D:5)
  An inept feature mimic (D:5)
  A shadow imp (D:5)
  3 worms
  A giant mite (D:5)
  2 orc zombies (D:5)
  2 giant geckos
  An ooze (D:3)
  4 orcs
  2 ball pythons
  4 bats
  A bat skeleton (D:4)
  A bat zombie (D:6)
  4 giant cockroaches
  15 hobgoblins
  8 jackals
  A quokka (D:2)
  3 giant newts
  10 goblins
  10 kobolds
  11 rats
108 creatures vanquished.

Notes
Turn   | Place    | Note
--------------------------------------------------------------
     0 | D:1      | Heini, the Hill Orc Fighter, began the quest for the Orb.
     0 | D:1      | Reached XP level 1. HP: 19/19 MP: 1/1
   222 | D:1      | Reached XP level 2. HP: 20/27 MP: 2/2
   522 | D:2      | Reached skill level 4 in Fighting
   522 | D:2      | Reached XP level 3. HP: 29/33 MP: 3/3
   540 | D:2      | Found a burning altar of Makhleb.
   541 | D:2      | Found a shimmering altar of Xom.
   795 | D:2      | Noticed Jessica
   807 | D:2      | Killed Jessica
   807 | D:2      | Reached XP level 4. HP: 39/41 MP: 4/4
  1031 | D:2      | Found a sparkling altar of Nemelex Xobeh.
  1461 | D:2      | Noticed Crazy Yiuf
  1483 | D:2      | Killed Crazy Yiuf
  1483 | D:2      | Reached XP level 5. HP: 32/47 MP: 5/5
  1530 | D:3      | Noticed an ogre
  1532 | D:3      | Reached skill level 5 in Fighting
  1537 | D:3      | Killed an ogre
  1537 | D:3      | Reached skill level 5 in Axes
  1548 | D:3      | Reached XP level 6. HP: 28/56 MP: 6/6
  2224 | D:4      | Noticed Grinder
  2245 | D:4      | Paralysed by Grinder for 5 turns
  2253 | D:4      | Killed Grinder
  2253 | D:4      | Reached skill level 6 in Axes
  2253 | D:4      | Reached skill level 5 in Armour
  2253 | D:4      | Reached XP level 7. HP: 17/62 MP: 7/7
  2488 | D:4      | Reached skill level 7 in Axes
  3024 | D:5      | Entered Level 5 of the Dungeon
  3365 | D:5      | Reached XP level 8. HP: 27/71 MP: 8/8
  3801 | D:5      | Reached skill level 8 in Axes
  3937 | D:6      | Slain by a goliath beetle

Action                   |  1- 3 |  4- 6 |  7- 9 || total
-------------------------+-------+-------+-------++-------
Melee: War axe           |    70 |   176 |   187 ||   433
  Use: Scroll            |     1 |       |    10 ||    11
       Potion            |       |     1 |       ||     1
